Match 46188941
Unlisted

Match 46188941
End
Panzerpioneer Squad
Panzerpioneer Squad
250 Light Carrier
Construct Light Support Kompanie
Combat Half-tracks
Assault Grenadier Squad
Selects Armored Support Battlegroup
Selects Superior Fire Drills
Fire Support Elements
Flakvierling Half-track
Panzerjäger Mechanized Group
Selects Salvage Kits
Panzerjäger Squad
Veteran Squad Leaders
2.5-tonne Medical Truck
Construct Panzerarmee Kommand
Panzerjäger Squad
Selects Panzer Storm
Assault Mechanized Group
Panzer III L Medium Tank
Panzer III L Medium Tank
Selects Stuka Anti-tank Loiter
Stuka Anti-tank Loiter
Panzer III L Medium Tank
Assault Mechanized Group
Panzer III L Medium Tank
Emergency Repair Kits
Stuka Anti-tank Loiter
Otto Karius
aSIIDemolitionHammer
CAuMOH
MonikaのPants
0
0

Comments sign in to comment!

No comments posted yet!